[Event "Stadtmeisterschaft Ulm/Neu Ulm 2009"]
[Site "Ulm"]
[Date "2009.10.30"]
[Round "4"]
[White "Haitov, Haim"]
[Black "Hoffart, Alexander"]
[Result "1/2-1/2"]
[ECO "D03"]
[WhiteElo "1386"]
[BlackElo "1828"]
[Annotator ",Fred"]
[PlyCount "104"]
[EventDate "2009.??.??"]
[TimeControl "40/5400+30:0"]

1. d4 d5 2. Nf3 Nf6 3. Bg5 Nbd7 4. e3 e6 5. Bd3 c5 6. c3 Qb6 7. Qc2 cxd4 8.
exd4 Bd6 9. O-O O-O 10. Re1 h6 11. Bxf6 Nxf6 12. Nbd2 Bd7 13. a4 Rac8 14. a5
Qc7 15. Ne5 Be8 16. Qd1 Qe7 17. f4 Nd7 18. Ndf3 Qf6 19. Qd2 g6 20. Rf1 Qg7 21.
Nxd7 Bxd7 22. Ne5 Rc7 23. Rf3 Be8 24. Rg3 f5 25. Re1 Qf6 26. Rh3 Rh7 27. Rf1
Kg7 28. g4 Qd8 29. b4 Bxe5 30. fxe5 fxg4 31. Rxf8 Kxf8 32. Rxh6 Kg7 33. Rxh7+
Kxh7 34. Qf4 Qh4 35. Qg3 Qxg3+ 36. hxg3 Kh6 37. c4 dxc4 38. Bxc4 Bd7 39. Kf2 b6
40. axb6 axb6 41. Ke3 g5 42. Ke4 Kg6 43. d5 Kf7 44. Kd4 exd5 45. Bxd5+ Ke7 46.
Kc4 Be8 47. b5 Bd7 48. Kb4 Be6 49. Kc4 Bd7 50. Bc6 Be6+ 51. Kd4 Bf5 52. Bd5 Bd7
1/2-1/2

[Event "Stadtmeisterschaft Ulm/Neu Ulm 2009"]
[Site "Ulm"]
[Date "2009.10.30"]
[Round "4"]
[White "Kromer, Thomas"]
[Black "Meier, Dennis"]
[Result "1-0"]
[ECO "D00"]
[WhiteElo "1675"]
[BlackElo "1378"]
[Annotator ",Fred"]
[PlyCount "85"]
[EventDate "2009.??.??"]
[TimeControl "40/5400+30:0"]

1. d4 d5 2. Nc3 Nf6 3. e4 dxe4 4. f3 exf3 5. Nxf3 Bf5 6. Bf4 e6 7. Bd3 Bxd3 8.
Qxd3 Bd6 9. Qb5+ Nbd7 10. Bxd6 cxd6 11. Qxb7 Qb8 12. Qxb8+ Rxb8 13. b3 d5 14.
Kd2 Ke7 15. Rhe1 Rhc8 16. g4 Nb6 17. Ne5 Nfd7 18. Nd3 Rb7 19. Rac1 a6 20. Nf4
Kf8 21. Re3 Rbc7 22. g5 g6 23. a4 Nb8 24. a5 N6d7 25. Nfxd5 exd5 26. Nxd5 Rb7
27. Ne7 Re8 28. Rce1 Rd8 29. c4 Nc5 30. Kc2 Rxd4 31. Nd5 Ne6 32. Kc3 Nc6 33.
Rxe6 fxe6 34. Rxe6 Rxd5 35. cxd5 Nb8 36. b4 Rb5 37. Kc4 Rb7 38. Kc5 Re7 39. Kb6
Kf7 40. Rxe7+ Kxe7 41. Kb7 Nd7 42. Kxa6 Kd6 43. Kb7 1-0

[Event "Stadtmeisterschaft Ulm/Neu Ulm 2009"]
[Site "Ulm"]
[Date "2009.10.30"]
[Round "4"]
[White "Huppertz, Anton"]
[Black "Goda, Frederic"]
[Result "0-1"]
[ECO "A15"]
[WhiteElo "1349"]
[BlackElo "1605"]
[Annotator ",Fred"]
[PlyCount "70"]
[EventDate "2009.??.??"]
[TimeControl "40/5400+30:0"]

1. c4 Nf6 2. g3 e6 3. Bg2 d5 4. cxd5 exd5 5. d4 Bf5 6. a3 c6 7. Nd2 Bd6 8. b4
O-O 9. f4 Ng4 10. Ndf3 Qe7 11. h3 Ne3 12. Bxe3 Qxe3 13. Qd2 Re8 14. Qxe3 Rxe3
15. Kf2 Re8 16. e3 Nd7 17. Nh4 Bd3 18. Rd1 Bc4 19. Bf1 Bxf1 20. Rxf1 a5 21. Nf5
Bf8 22. Rb1 g6 23. Nh4 axb4 24. axb4 Nf6 25. Kf3 Ra3 26. Ng2 Ne4 27. Rb2 Ra1
28. h4 Rf1+ 29. Kg4 Nf2+ 30. Rxf2 Rxf2 31. Kh3 Bxb4 32. Kh2 Rxe3 33. Nh3 Rd2
34. Rd1 Rxd1 35. Nxe3 Rxd4 0-1

[Event "Stadtmeisterschaft Ulm/Neu Ulm 2009"]
[Site "Ulm"]
[Date "2009.10.30"]
[Round "4"]
[White "Ziad, Amar"]
[Black "von Koschitzky, Ignatio Simo"]
[Result "0-1"]
[ECO "D15"]
[WhiteElo "1488"]
[BlackElo "1305"]
[Annotator ",Fred"]
[PlyCount "74"]
[EventDate "2009.??.??"]
[TimeControl "40/5400+30:0"]

1. d4 d5 2. c4 Nf6 3. Nc3 c6 4. Nf3 Bg4 5. Qb3 Qb6 6. Qxb6 axb6 7. cxd5 e6 8.
dxe6 Bxe6 9. e3 Bb4 10. Bd2 Bxc3 11. Bxc3 Rxa2 12. Rxa2 Bxa2 13. Bd3 Bd5 14.
Bb4 Nbd7 15. Nd2 c5 16. Ba3 O-O 17. O-O Re8 18. Rc1 cxd4 19. exd4 Bc6 20. b4 b5
21. Bb2 Nd5 22. Ba3 Nf4 23. Bf1 Nf6 24. Rd1 N6d5 25. Nf3 Nc3 26. Re1 Rxe1 27.
Nxe1 Nce2+ 28. Bxe2 Nxe2+ 29. Kf1 Nxd4 30. f3 f6 31. Kf2 Kf7 32. Ke3 Nf5+ 33.
Kd3 Ke6 34. Nc2 Nh4 35. Ne3 f5 36. Bb2 g5 37. Ke2 f4 0-1

[Event "Stadtmeisterschaft Ulm/Neu Ulm 2009"]
[Site "Ulm"]
[Date "2009.10.30"]
[Round "4"]
[White "Lell, Stephan"]
[Black "Goda, Robert-René"]
[Result "1/2-1/2"]
[ECO "A48"]
[WhiteElo "1494"]
[BlackElo "1544"]
[Annotator ",Fred"]
[PlyCount "100"]
[EventDate "2009.??.??"]
[TimeControl "40/5400+30:0"]

1. d4 Nf6 2. Bf4 g6 3. e3 Bg7 4. Nf3 O-O 5. Be2 d6 6. O-O Nbd7 7. Nbd2 c5 8. c3
cxd4 9. exd4 Nb6 10. h3 Bd7 11. Re1 Rc8 12. Bf1 d5 13. Ne5 Nh5 14. Nxd7 Qxd7
15. Bh2 e6 16. Qb3 Qa4 17. Nf3 Rfd8 18. Bd3 Qxb3 19. axb3 a6 20. Ne5 Nd7 21.
Nxd7 Rxd7 22. b4 Ra8 23. Ra2 Nf6 24. f3 Ne8 25. Rea1 Rc8 26. b5 Nc7 27. bxa6
bxa6 28. Bxa6 Nxa6 29. Rxa6 Rdd8 30. Bf4 Re8 31. Re1 Ra8 32. Rxa8 Rxa8 33. Rb1
Bf8 34. Kf2 Ra7 35. Ke2 f6 36. Kd3 Ra4 37. Bg3 Kf7 38. Kc2 Ke8 39. Re1 Kd7 40.
Kb1 Ra6 41. b4 Bd6 42. Bxd6 Kxd6 43. f4 Kd7 44. Kb2 Kd6 45. Kb3 Kc7 46. Re2 Kd6
47. Rd2 Ra1 48. Rf2 Re1 49. Rf3 Re2 50. g3 Kc6 1/2-1/2

[Event "Stadtmeisterschaft Ulm/Neu Ulm 2009"]
[Site "Ulm"]
[Date "2009.11.12"]
[Round "4"]
[White "Hackstein, Urs"]
[Black "Zierke, Markus"]
[Result "1/2-1/2"]
[ECO "A45"]
[WhiteElo "1747"]
[BlackElo "1725"]
[Annotator ",Fred"]
[PlyCount "32"]
[EventDate "2009.??.??"]
[TimeControl "40/5400+30:0"]

1. d4 Nf6 2. Bg5 Ne4 3. Bf4 d5 4. Nd2 Bf5 5. e3 e6 6. Bd3 Bd6 7. Bxd6 Qxd6 8.
Ne2 Nc6 9. a3 Ne7 10. Nxe4 Bxe4 11. Bxe4 dxe4 12. Ng3 f5 13. c4 c5 14. dxc5
Qxc5 15. Qc2 O-O 16. O-O Rac8 1/2-1/2

[Event "Stadtmeisterschaft Ulm/Neu Ulm 2009"]
[Site "Ulm"]
[Date "2009.11.13"]
[Round "5"]
[White "Krassowizkij, Jaroslaw"]
[Black "Smolny, Frieder"]
[Result "1-0"]
[ECO "C36"]
[WhiteElo "2110"]
[BlackElo "1970"]
[Annotator ",Fred"]
[PlyCount "37"]
[EventDate "2009.??.??"]
[TimeControl "40/5400+30:0"]

1. e4 e5 2. f4 d5 3. exd5 exf4 4. Nf3 Nf6 5. c4 c6 6. d4 cxd5 7. Nc3 Bb4 8. Bd3
O-O 9. O-O Nc6 10. Bxf4 dxc4 11. Bxc4 Bg4 12. Bg5 Bxf3 13. Rxf3 Qxd4+ 14. Qxd4
Nxd4 15. Rd3 Rac8 16. Bxf6 Rxc4 17. Bxd4 Rxd4 18. Rxd4 Bc5 19. Rad1 1-0

[Event "Stadtmeisterschaft Ulm/Neu Ulm 2009"]
[Site "Ulm"]
[Date "2009.11.13"]
[Round "5"]
[White "Schulze, Andreas"]
[Black "Gebhardt, Uwe"]
[Result "1-0"]
[ECO "B06"]
[WhiteElo "2181"]
[BlackElo "1941"]
[Annotator ",Fred"]
[PlyCount "99"]
[EventDate "2009.??.??"]
[TimeControl "40/5400+30:0"]

1. e4 g6 2. d4 Bg7 3. Nc3 d6 4. Be3 Nc6 5. d5 Ne5 6. Be2 Nf6 7. h3 c6 8. f4
Ned7 9. dxc6 bxc6 10. Nf3 Nb6 11. a4 Nh5 12. a5 Ng3 13. axb6 Nxh1 14. Bd4 Bxd4
15. Qxd4 O-O 16. g4 c5 17. Qg1 Qxb6 18. Rb1 Qa5 19. Nd2 Rb8 20. Qxh1 Be6 21.
Qf3 Qd8 22. f5 Bd7 23. Bc4 Rb4 24. Nd5 Rxc4 25. Nxc4 e6 26. Nde3 exf5 27. gxf5
Bb5 28. f6 Re8 29. Rd1 Re6 30. e5 Bxc4 31. Nxc4 Qb8 32. Rxd6 Re8 33. Qf4 Kh8
34. Qh6 Rg8 35. c3 Qe8 36. b4 cxb4 37. Rd4 g5 38. cxb4 Rg6 39. Qh5 Rxf6 40. Qd1
Kg7 41. Qe2 Rg6 42. Nd6 Qe6 43. Qe4 h6 44. Qd5 h5 45. Kf2 Kh7 46. Qxe6 Rxe6 47.
Nxf7 Kg6 48. Rd7 Rb6 49. Nd6 Rxb4 50. e6 1-0

[Event "Stadtmeisterschaft Ulm/Neu Ulm 2009"]
[Site "Ulm"]
[Date "2009.11.13"]
[Round "5"]
[White "Anistratov, Dimitrij"]
[Black "Heinrich, Klaus"]
[Result "1-0"]
[ECO "A13"]
[WhiteElo "2274"]
[BlackElo "1829"]
[Annotator ",Fred"]
[PlyCount "87"]
[EventDate "2009.??.??"]
[TimeControl "40/5400+30:0"]

1. Nf3 d5 2. c4 e6 3. g3 c6 4. b3 f5 5. Bb2 Nf6 6. Bg2 Be7 7. d3 O-O 8. Nbd2
Qe8 9. e3 Qh5 10. Ne5 Qxd1+ 11. Rxd1 Nbd7 12. f4 Nxe5 13. Bxe5 Nd7 14. Bb2 Re8
15. Kf2 Bf6 16. Ba3 Be7 17. Bxe7 Rxe7 18. Rhe1 Nf6 19. Nf3 Ng4+ 20. Kg1 Bd7 21.
e4 Rae8 22. h3 Nf6 23. Ne5 Bc8 24. Kf2 Kf8 25. g4 d4 26. b4 fxg4 27. hxg4 Rd8
28. Rh1 Kg8 29. Kg3 Nd7 30. Nf3 e5 31. f5 c5 32. Ng5 Nf8 33. a3 Rd6 34. Ra1 b6
35. Rh2 Rc7 36. Rah1 g6 37. Nf3 Re7 38. Bh3 Nd7 39. g5 Nf8 40. f6 Rc7 41. Bxc8
Rxc8 42. Nxe5 Rc7 43. f7+ Kg7 44. Rxh7+ 1-0

[Event "Stadtmeisterschaft Ulm/Neu Ulm 2009"]
[Site "Ulm"]
[Date "2009.11.13"]
[Round "5"]
[White "Deißler, Helmut"]
[Black "Wolf, Rainer"]
[Result "1/2-1/2"]
[ECO "A42"]
[WhiteElo "1799"]
[BlackElo "1961"]
[Annotator ",Fred"]
[PlyCount "101"]
[EventDate "2009.??.??"]
[TimeControl "40/5400+30:0"]

1. d4 g6 2. c4 Bg7 3. e4 d6 4. Nc3 Nd7 5. Nf3 e5 6. Be2 Ne7 7. O-O O-O 8. Be3
f5 9. dxe5 Nxe5 10. Nxe5 Bxe5 11. c5 f4 12. Bd4 Be6 13. f3 Bxd4+ 14. Qxd4 Nc6
15. Qf2 dxc5 16. Qxc5 Qd4+ 17. Qxd4 Nxd4 18. Bd3 c6 19. Rfd1 Rad8 20. b3 Rd7
21. Ne2 Rfd8 22. Nxd4 Rxd4 23. Be2 Kg7 24. Kf2 Kf6 25. Rxd4 Rxd4 26. Ke1 Ke5
27. Rc1 Kd6 28. Rc3 a5 29. Rd3 Kc5 30. Kd2 a4 31. Kc3 Rxd3+ 32. Bxd3 b5 33. b4+
Kd6 34. a3 Ke5 35. Bf1 g5 36. h3 h5 37. Be2 Bd7 38. Bd1 Bc8 39. Be2 Be6 40. Bd3
g4 41. hxg4 hxg4 42. Be2 g3 43. Bd3 Bd7 44. Be2 Bc8 45. Bd3 Be6 46. Be2 Bb3 47.
Bf1 Be6 48. Bd3 Bf7 49. Be2 Bh5 50. Kd3 Bf7 51. Kc3 1/2-1/2

[Event "Stadtmeisterschaft Ulm/Neu Ulm 2009"]
[Site "Ulm"]
[Date "2009.11.13"]
[Round "5"]
[White "Mayer, Arnd"]
[Black "Grosse, Manfred"]
[Result "0-1"]
[ECO "D94"]
[WhiteElo "1948"]
[BlackElo "1853"]
[Annotator ",Fred"]
[PlyCount "109"]
[EventDate "2009.??.??"]
[TimeControl "40/5400+30:0"]

1. Nf3 d5 2. d4 Nf6 3. c4 c6 4. Nc3 g6 5. e3 Bg7 6. Bd3 O-O 7. O-O Bg4 8. h3
Bxf3 9. gxf3 Nbd7 10. f4 Qc8 11. c5 Re8 12. Kg2 b6 13. cxb6 axb6 14. Qf3 e6 15.
b3 c5 16. Nb5 Qc6 17. Bb2 Ne4 18. Qe2 c4 19. Bxe4 Qxb5 20. bxc4 Qa6 21. Bd3 Qb7
22. cxd5 exd5 23. Bc3 Nf8 24. Rfb1 Ne6 25. Qb2 Qe7 26. Qxb6 Qh4 27. a4 Bh6 28.
Bd2 g5 29. f5 g4 30. Rh1 Ng5 31. hxg4 Qxg4+ 32. Kf1 Bf8 33. Rg1 Qh3+ 34. Ke1 h6
35. Qb1 Rab8 36. Qd1 Bg7 37. Rg3 Qh1+ 38. Bf1 Bxd4 39. Rc1 Be5 40. Rg4 Bg7 41.
Bc3 d4 42. Bxd4 Rbd8 43. Rc4 Qd5 44. Be2 Qxf5 45. Qa1 Rxd4 46. Rcxd4 Rb8 47.
Kd2 Qxf2 48. Rgf4 Qg3 49. Qa2 Re8 50. Rd3 Rb8 51. Rdd4 Qg1 52. Rb4 Re8 53. Rb3
Rc8 54. Qb1 Rd8+ 55. Rd3 0-1

[Event "Stadtmeisterschaft Ulm/Neu Ulm 2009"]
[Site "Ulm"]
[Date "2009.11.13"]
[Round "5"]
[White "Krauß, Rainer"]
[Black "Schwab, Matthias"]
[Result "0-1"]
[ECO "B70"]
[WhiteElo "1726"]
[BlackElo "2047"]
[Annotator ",Fred"]
[PlyCount "38"]
[EventDate "2009.??.??"]
[TimeControl "40/5400+30:0"]

1. e4 c5 2. Nf3 d6 3. d4 cxd4 4. Nxd4 Nf6 5. Nc3 g6 6. Bc4 Bg7 7. O-O O-O 8.
Re1 Nc6 9. Nxc6 bxc6 10. Bg5 Qc7 11. Qe2 Ng4 12. Na4 d5 13. g3 dxc4 14. Qxc4
Be6 15. Qc5 Rfe8 16. Rad1 Ne5 17. Re3 Bg4 18. Rc1 Nf3+ 19. Kg2 Bd4 0-1

[Event "Stadtmeisterschaft Ulm/Neu Ulm 2009"]
[Site "Ulm"]
[Date "2009.11.13"]
[Round "5"]
[White "Schäufele, Jörg"]
[Black "Hartmann, Thomas"]
[Result "1-0"]
[ECO "B01"]
[WhiteElo "1705"]
[BlackElo "1871"]
[Annotator ",Fred"]
[PlyCount "54"]
[EventDate "2009.??.??"]
[TimeControl "40/5400+30:0"]

1. e4 d5 2. e5 c5 3. c3 d4 4. cxd4 cxd4 5. f4 Nc6 6. Nf3 Bf5 7. Bb5 Qd5 8. Qa4
Qe4+ 9. Kf2 Nh6 10. Bxc6+ bxc6 11. Re1 Ng4+ 12. Kg1 Qd5 13. h3 e6 14. hxg4 Bxg4
15. Qb3 Qa5 16. Na3 Bc5 17. Nc4 d3+ 18. Kf1 Qd8 19. Qc3 Qd5 20. Ne3 Bxe3 21.
Rxe3 Rd8 22. b3 g5 23. Nxg5 Be2+ 24. Kf2 Rg8 25. Ne4 Rxg2+ 26. Kxg2 Kd7 27. Kf2
Rg8 1-0

[Event "Stadtmeisterschaft Ulm/Neu Ulm 2009"]
[Site "Ulm"]
[Date "2009.11.13"]
[Round "5"]
[White "Späth, Gerhard"]
[Black "Fuchs, Martin"]
[Result "0-1"]
[ECO "C64"]
[WhiteElo "1683"]
[BlackElo "1753"]
[Annotator ",Fred"]
[PlyCount "78"]
[EventDate "2009.??.??"]
[TimeControl "40/5400+30:0"]

1. e4 e5 2. Nf3 Nc6 3. Bb5 Bc5 4. c3 Nf6 5. O-O O-O 6. Re1 d6 7. h3 a6 8. Ba4
b5 9. Bb3 Bb7 10. d4 Bb6 11. Bg5 Re8 12. d5 Ne7 13. Bxf6 gxf6 14. Nh4 Bc8 15.
Qh5 Ng6 16. Nf5 Bxf5 17. Qxf5 Kg7 18. Nd2 Qc8 19. Qf3 Rg8 20. Nf1 Nf4 21. Ng3
Kf8 22. Kh2 Rg6 23. Rg1 Rg8 24. Nf5 Qd8 25. Raf1 Ng6 26. Qh5 Ne7 27. Qh6+ Ke8
28. Qxh7 Rf8 29. Nh6 Ng6 30. Nxf7 Rxf7 31. Qxg6 Ke7 32. Qf5 Qh8 33. g4 Rg8 34.
Rg3 Qh6 35. f4 Rh8 36. Qe6+ Kf8 37. fxe5 Qd2+ 38. Rg2 Rxh3+ 39. Kxh3 Qe3+ 0-1

[Event "Stadtmeisterschaft Ulm/Neu Ulm 2009"]
[Site "Ulm"]
[Date "2009.11.13"]
[Round "5"]
[White "Zierke, Markus"]
[Black "Lepschi, Albert"]
[Result "0-1"]
[ECO "D00"]
[WhiteElo "1725"]
[BlackElo "1716"]
[Annotator ",Fred"]
[PlyCount "62"]
[EventDate "2009.??.??"]
[TimeControl "40/5400+30:0"]

1. d4 d5 2. e3 Nf6 3. f4 c6 4. Nf3 Bg4 5. Bd3 e6 6. c3 Be7 7. O-O O-O 8. Nbd2
Qb6 9. h3 Bf5 10. Qc2 Bxd3 11. Qxd3 Nbd7 12. Ne5 h5 13. Qe2 Qc7 14. g4 g6 15.
Rf2 Kg7 16. e4 hxg4 17. Nxd7 Qxd7 18. e5 Nh7 19. hxg4 Rh8 20. Nf1 Rag8 21. Ng3
Kf8 22. Bd2 Ke8 23. c4 dxc4 24. Qxc4 Qd5 25. Qa4 a6 26. Ne2 Nf8 27. Rg2 Rh3 28.
Nc3 Qf3 29. Qd1 Qd3 30. Be1 Qe3+ 31. Bf2 Qxf4 0-1

[Event "Stadtmeisterschaft Ulm/Neu Ulm 2009"]
[Site "Ulm"]
[Date "2009.11.13"]
[Round "5"]
[White "Goda, Frederic"]
[Black "Sander, Luzia"]
[Result "0-1"]
[ECO "D02"]
[WhiteElo "1605"]
[BlackElo "1786"]
[Annotator ",Fred"]
[PlyCount "92"]
[EventDate "2009.??.??"]
[TimeControl "40/5400+30:0"]

1. d4 d5 2. Nf3 Nf6 3. Bf4 e6 4. e3 c5 5. c3 Nc6 6. Nbd2 a6 7. Bd3 c4 8. Bc2 b5
9. a3 Be7 10. Ne5 Nxe5 11. dxe5 Nd7 12. Qg4 g5 13. Bxg5 Bxg5 14. f4 Bh6 15. Nf3
Qe7 16. Nd4 Bb7 17. O-O-O O-O-O 18. Rhe1 Rdg8 19. Qh3 Bf8 20. g3 h5 21. Nf3 a5
22. e4 b4 23. axb4 axb4 24. exd5 Bxd5 25. Nd4 bxc3 26. bxc3 Bh6 27. Nb5 Rg4 28.
Nd6+ Kc7 29. Qf1 Nb6 30. Qf2 Kc6 31. Rd2 Ra8 32. Qd4 Qa7 33. Kd1 Bf3+ 34. Rde2
Bxe2+ 35. Rxe2 Qa1+ 36. Kd2 Qa2 37. Ke1 Nd5 38. Nxc4 Qa1+ 39. Kf2 Qh1 40. Be4
Qxh2+ 41. Ke1 Qxg3+ 42. Kd1 Qg1+ 43. Qxg1 Rxg1+ 44. Kc2 Bxf4 45. Rf2 Ra2+ 46.
Kb3 Rxf2 0-1

[Event "Stadtmeisterschaft Ulm/Neu Ulm 2009"]
[Site "Ulm"]
[Date "2009.11.13"]
[Round "5"]
[White "Krapf, Katharina"]
[Black "Unseld, Rolf"]
[Result "0-1"]
[ECO "A17"]
[WhiteElo "1225"]
[BlackElo "1740"]
[Annotator ",Fred"]
[PlyCount "82"]
[EventDate "2009.??.??"]
[TimeControl "40/5400+30:0"]

1. c4 Nf6 2. Nc3 e6 3. e3 d5 4. d4 Be7 5. Nf3 O-O 6. Be2 dxc4 7. Bxc4 c5 8. O-O
Qb6 9. d5 Rd8 10. e4 exd5 11. Bxd5 Be6 12. Qb3 Bxd5 13. Nxd5 Nxd5 14. exd5 Qxb3
15. axb3 Rxd5 16. Be3 Nc6 17. Rfe1 Rad8 18. g3 b6 19. b4 Bf6 20. Ra2 Rd1 21.
Rxd1 Rxd1+ 22. Kg2 cxb4 23. Nd2 g6 24. Nc4 Bd4 25. Bxd4 Rxd4 26. b3 Rd3 27. Rb2
b5 28. Nd2 a5 29. Kf1 a4 30. bxa4 bxa4 31. Ke2 Rc3 32. Ne4 Rc1 33. Kd2 Rc4 34.
Ke3 f5 35. Nd6 Rc3+ 36. Kd2 a3 37. Rb1 a2 38. Ra1 Rf3 39. Ke2 Nd4+ 40. Kf1 b3
41. Nc4 Nc2 0-1

[Event "Stadtmeisterschaft Ulm/Neu Ulm 2009"]
[Site "Ulm"]
[Date "2009.11.13"]
[Round "5"]
[White "von Koschitzky, Ignatio Simo"]
[Black "Kromer, Thomas"]
[Result "0-1"]
[ECO "C28"]
[WhiteElo "1305"]
[BlackElo "1675"]
[Annotator ",Fred"]
[PlyCount "104"]
[EventDate "2009.??.??"]
[TimeControl "40/5400+30:0"]

1. e4 e5 2. Bc4 Nf6 3. Nc3 Nc6 4. d3 Bb4 5. Bd2 d6 6. Nf3 Bg4 7. Ne2 Bxd2+ 8.
Qxd2 Bxf3 9. gxf3 Nd7 10. Rg1 Qf6 11. Rg3 O-O-O 12. Bd5 Ne7 13. Bb3 Kb8 14.
O-O-O Nc5 15. Bc4 Nc6 16. Qg5 Ne6 17. Bxe6 Qxe6 18. Kb1 d5 19. exd5 Rxd5 20. c4
Ra5 21. Nc3 g6 22. Qd2 Nd4 23. f4 exf4 24. Qxf4 Ne2 25. Nxe2 Qxe2 26. Qd2 Re5
27. Re3 Qxd2 28. Rxd2 Rhe8 29. Rde2 Rxe3 30. fxe3 c5 31. Kc2 f5 32. Kc3 f4 33.
e4 g5 34. Rf2 Kc7 35. h3 Kd6 36. a3 Ke5 37. b4 cxb4+ 38. axb4 Rd8 39. Kd2 h5
40. Ke2 g4 41. hxg4 hxg4 42. Rh2 Kd4 43. Rh4 Rg8 44. Rh5 Kc3 45. b5 f3+ 46. Kf2
Kxd3 47. e5 Ke4 48. e6 g3+ 49. Kg1 g2 50. e7 Kf4 51. e8=Q f2+ 52. Kh2 g1=Q+ 0-1

[Event "Stadtmeisterschaft Ulm/Neu Ulm 2009"]
[Site "Ulm"]
[Date "2009.11.13"]
[Round "5"]
[White "Rix, Michael"]
[Black "Hoffart, Alexander"]
[Result "0-1"]
[ECO "D04"]
[WhiteElo "1645"]
[BlackElo "1828"]
[Annotator ",Fred"]
[PlyCount "140"]
[EventDate "2009.??.??"]
[TimeControl "40/5400+30:0"]

1. d4 d5 2. Nf3 Nf6 3. e3 c6 4. Bd3 Bg4 5. c4 e6 6. O-O Nbd7 7. Nbd2 e5 8. cxd5
cxd5 9. dxe5 Nxe5 10. Qa4+ Bd7 11. Qb3 Nxd3 12. Qxd3 Qb6 13. Re1 Bb4 14. a3
Bxd2 15. Bxd2 O-O 16. Bc3 Bb5 17. Qf5 Qe6 18. Qg5 h6 19. Qh4 Ne4 20. Bb4 Rfd8
21. Nd4 Qd7 22. f3 Nf6 23. Bc3 Ne8 24. e4 dxe4 25. Nxb5 Qxb5 26. Rxe4 Qg5 27.
Qxg5 hxg5 28. Re7 b6 29. Rae1 Nf6 30. Bxf6 gxf6 31. Kf2 a6 32. Rb7 Rd2+ 33. Re2
Rxe2+ 34. Kxe2 Re8+ 35. Kf2 Re6 36. Kg3 b5 37. Ra7 Kg7 38. b4 Kg6 39. Ra8 Rc6
40. Rg8+ Kf5 41. Ra8 Ke5 42. Ra7 Ke6 43. h4 gxh4+ 44. Kxh4 Kf5 45. Kg3 Kg6 46.
Ra8 f5 47. Ra7 Kf6 48. Ra8 Ke5 49. Ra7 Ke6 50. Ra8 Ke5 51. Ra7 f4+ 52. Kf2 f6
53. Re7+ Kf5 54. Ra7 Re6 55. Ra8 Ke5 56. Ra7 Kd5 57. g3 fxg3+ 58. Kxg3 Kc4 59.
Rd7 Re3 60. Ra7 Rxa3 61. Rf7 Kxb4 62. Rxf6 a5 63. Kg4 Ra1 64. f4 Ka3 65. Rb6 b4
66. f5 Rf1 67. f6 b3 68. Kg5 b2 69. Kg6 b1=Q+ 70. Rxb1 Rxb1 0-1

[Event "Stadtmeisterschaft Ulm/Neu Ulm 2009"]
[Site "Ulm"]
[Date "2009.11.13"]
[Round "5"]
[White "Förderreuther, Jonas"]
[Black "Kühn, Bernd"]
[Result "1/2-1/2"]
[ECO "B07"]
[WhiteElo "1623"]
[BlackElo "1702"]
[Annotator ",Fred"]
[PlyCount "83"]
[EventDate "2009.??.??"]
[TimeControl "40/5400+30:0"]

1. e4 d6 2. d4 Nf6 3. Nc3 g6 4. Be3 Bg7 5. Qd2 O-O 6. Nf3 a6 7. Bh6 Bg4 8. h4
c5 9. Bxg7 Kxg7 10. Ng5 cxd4 11. Qxd4 Nc6 12. Qe3 h6 13. Nh3 Qa5 14. Nf4 e5 15.
Nfe2 Nb4 16. Qc1 Rac8 17. f3 Be6 18. a3 Nc6 19. h5 g5 20. g3 d5 21. b4 Qb6 22.
exd5 Bxd5 23. Bg2 Nd4 24. Nxd5 Nxd5 25. Nxd4 Qxd4 26. Qd1 Qc3+ 27. Kf2 Qxc2+
28. Kg1 Qb2 29. Kh2 Ne3 30. Qg1 Nxg2 31. Rb1 Qxa3 32. Qxg2 Qa4 33. Rhd1 Rc2 34.
Rd2 Rfc8 35. Rb2 Rxb2 36. Rxb2 Qd1 37. Rd2 Qa4 38. Qe2 Re8 39. Qe4 Qb5 40. Rd6
Qf1 41. Rg6+ fxg6 42. Qxg6+ 1/2-1/2

[Event "Stadtmeisterschaft Ulm/Neu Ulm 2009"]
[Site "Ulm"]
[Date "2009.11.13"]
[Round "5"]
[White "Schmidt, Waldemar"]
[Black "Haitov, Haim"]
[Result "1-0"]
[ECO "A45"]
[WhiteElo "1689"]
[BlackElo "1386"]
[Annotator ",Fred"]
[PlyCount "137"]
[EventDate "2009.??.??"]
[TimeControl "40/5400+30:0"]

1. d4 Nf6 2. Bg5 Ne4 3. Bf4 d5 4. Nf3 e6 5. e3 a6 6. Bd3 Bd6 7. Bxd6 Nxd6 8.
Nbd2 b5 9. Ne5 Bb7 10. Qg4 Qf6 11. O-O Nc6 12. f4 Nf5 13. Bxf5 exf5 14. Qh5 h6
15. Nb3 g6 16. Qf3 Ne7 17. Nc5 Bc8 18. a4 b4 19. a5 Rb8 20. Ra4 Qd6 21. Qe2 f6
22. Ned3 Nc6 23. Qd2 Rb5 24. Rfa1 Kf7 25. Nxb4 Nxb4 26. Rxb4 c6 27. Rxb5 cxb5
28. Qb4 Qe7 29. Kf2 Re8 30. Re1 g5 31. Nd3 g4 32. Qxe7+ Kxe7 33. Ra1 Kd6 34.
Ra3 Rg8 35. Ra1 h5 36. Kg3 Rg7 37. Rh1 Re7 38. Kf2 h4 39. Ra1 Rg7 40. h3 gxh3
41. gxh3 Rg3 42. Rh1 Kc6 43. Nb4+ Kd6 44. Na2 Kc7 45. Nc3 Be6 46. Ne2 Rg8 47.
Rg1 Rc8 48. Rg6 Kd6 49. c3 b4 50. cxb4 Rb8 51. Nc1 Rxb4 52. Nd3 Rc4 53. Rh6
Rc2+ 54. Kf3 Rd2 55. Nc5 Ke7 56. Nxa6 Rxb2 57. Nc5 Bf7 58. Rxh4 Ra2 59. a6 Be8
60. Rh8 Bb5 61. a7 Bc6 62. Rh7+ Ke8 63. Ne6 Ra1 64. Nc7+ Kd8 65. a8=Q+ Bxa8 66.
Nxa8 Kc8 67. Nb6+ Kb8 68. Nxd5 Ra6 69. h4 1-0

[Event "Stadtmeisterschaft Ulm/Neu Ulm 2009"]
[Site "Ulm"]
[Date "2009.11.13"]
[Round "5"]
[White "Goda, Robert-René"]
[Black "Huppertz, Anton"]
[Result "1-0"]
[ECO "D02"]
[WhiteElo "1544"]
[BlackElo "1349"]
[Annotator ",Fred"]
[PlyCount "101"]
[EventDate "2009.??.??"]
[TimeControl "40/5400+30:0"]

1. d4 d5 2. Nf3 Nc6 3. Bf4 Nf6 4. e3 a6 5. Nbd2 e6 6. c3 Be7 7. Bd3 Nh5 8. Ne5
Nxe5 9. Bxe5 Nf6 10. O-O Bd6 11. Nf3 h6 12. Re1 O-O 13. c4 dxc4 14. Bxc4 b5 15.
Bb3 Bxe5 16. Nxe5 Nd7 17. Nxd7 Qxd7 18. Rc1 c6 19. Qf3 Bb7 20. Rc5 Qd6 21. Rec1
Rad8 22. Bc2 f5 23. Bb3 Kh8 24. Re5 Rfe8 25. Qh5 Bc8 26. f4 Qb4 27. Rd1 a5 28.
Qf7 Qe7 29. Qxe7 Rxe7 30. Rc1 a4 31. Bd1 Bb7 32. Kf2 Rd5 33. Rc5 Rxc5 34. Rxc5
Rd7 35. Bf3 Rd6 36. Kg3 g6 37. Kh4 Kg7 38. g4 fxg4 39. Kxg4 Kf6 40. h4 h5+ 41.
Kg3 Bc8 42. Be4 Bb7 43. Rg5 Kg7 44. Bxg6 Kh6 45. Bxh5 Rd5 46. Bf7 Rxg5+ 47.
hxg5+ Kg7 48. Bxe6 Kg6 49. Kg4 b4 50. f5+ Kg7 51. g6 1-0

[Event "Stadtmeisterschaft Ulm/Neu Ulm 2009"]
[Site "Ulm"]
[Date "2009.11.13"]
[Round "5"]
[White "Meier, Dennis"]
[Black "Lell, Stephan"]
[Result "0-1"]
[ECO "A80"]
[WhiteElo "1378"]
[BlackElo "1494"]
[Annotator ",Fred"]
[PlyCount "68"]
[EventDate "2009.??.??"]
[TimeControl "40/5400+30:0"]

1. d4 f5 2. Nf3 Nf6 3. Bf4 g6 4. e3 Bg7 5. Bc4 e6 6. Nc3 d6 7. Ng5 Qe7 8. Bg3
h6 9. Nf3 a6 10. Qd3 Nc6 11. e4 Nh5 12. Nh4 Qf6 13. exf5 gxf5 14. d5 Nb4 15.
Qe2 Nxg3 16. hxg3 a5 17. dxe6 c6 18. O-O-O d5 19. Bb3 Qxe6 20. Qh5+ Kd8 21.
Rhe1 Qf6 22. f4 Bd7 23. Re5 Re8 24. Rde1 Rxe5 25. Rxe5 Kc7 26. Nxf5 Bxf5 27.
Rxf5 Qd4 28. Qf7+ Kb6 29. Na4+ Ka6 30. Qc7 Re8 31. Bc4+ Ka7 32. Qxa5+ Na6 33.
Bd3 Qg1+ 34. Kd2 Qe1# 0-1

[Event "Stadtmeisterschaft Ulm/Neu Ulm 2009"]
[Site "Ulm"]
[Date "2009.11.13"]
[Round "5"]
[White "Schmollinger, Jonathan"]
[Black "Ziad, Amar"]
[Result "0-1"]
[ECO "A00"]
[WhiteElo "1262"]
[BlackElo "1488"]
[Annotator ",Fred"]
[PlyCount "68"]
[EventDate "2009.??.??"]
[TimeControl "40/5400+30:0"]

1. b4 d5 2. Bb2 e6 3. b5 a6 4. a4 Bd7 5. e3 axb5 6. axb5 Rxa1 7. Bxa1 Nf6 8.
Nf3 Be7 9. Be2 O-O 10. O-O c6 11. Nc3 Qa5 12. Ne5 Be8 13. bxc6 bxc6 14. f4 Bd6
15. g4 Qc7 16. g5 Nfd7 17. Nxd7 Nxd7 18. h4 g6 19. h5 f5 20. Rf2 Nc5 21. Rh2 e5
22. hxg6 hxg6 23. fxe5 Bxe5 24. Rh3 Qe7 25. d4 Qxg5+ 26. Kh1 Ne4 27. Nxe4 fxe4
28. dxe5 Rf2 29. Rh2 Rxh2+ 30. Kxh2 Qxe3 31. Bd4 Qf4+ 32. Kg1 e3 33. Bd3 Qxd4
34. Be2 Qxe5 0-1

[Event "Stadtmeisterschaft Ulm/Neu Ulm 2009"]
[Site "Ulm"]
[Date "2009.11.13"]
[Round "5"]
[White "Kirn, Philipp"]
[Black "Radovic, Miodrag"]
[Result "0-1"]
[ECO "D31"]
[WhiteElo "1130"]
[BlackElo "1506"]
[Annotator ",Fred"]
[PlyCount "42"]
[EventDate "2009.??.??"]
[TimeControl "40/5400+30:0"]

1. d4 d5 2. c4 e6 3. Nc3 c6 4. e4 dxe4 5. Nxe4 Bb4+ 6. Bd2 Be7 7. Nf3 Nd7 8.
Bf4 Ndf6 9. Bd3 Nxe4 10. Bxe4 Nf6 11. Bc2 Bb4+ 12. Bd2 Qb6 13. O-O Bxd2 14.
Qxd2 Qd8 15. Rfe1 O-O 16. Rad1 b5 17. cxb5 cxb5 18. Qb4 a6 19. Ne5 Bb7 20. a4
Qd5 21. Bb3 Qxg2# 0-1